[Event "*** SCC Grand Prix: Titled Tuesday Blitz"]
[Site "Chess.com"]
[Date "2020.10.06"]
[Round "2"]
[White "cassoulet"]
[Black "Snegokhod"]
[Result "0-1"]
[WhiteElo "2678"]
[BlackElo "2394"]
[TimeControl "180+1"]
[EndTime "10:18:55 PDT"]
[Termination "Snegokhod won by resignation"]

1. d4 Nf6 2. c4 g6 3. f3 d5 4.
cxd5 Nxd5 5. e4 Nb6 6. Nc3 Bg7 7.
Be3 e5 8. d5 c6 9. Qd2 cxd5 10.
exd5 h5 11. Bb5+ Bd7 12. Bxd7+ N8xd7 13. Nge2 Nc4 14. Qc1 Nxe3 15. Qxe3 O-O 16. O-O Qb6 17.
Qxb6 Nxb6 18. Rfd1 Rfd8 19. Rac1 Rd7 20. a4 Rad8 21.
Nb5 a6 22. Nbc3 Nxd5 23. Nxd5 Rxd5 24. Rxd5 Rxd5 25. Rc8+ Kh7 26. Rc7 b5 27. Rxf7 Rd2 28. Nc3 Rxb2 29. axb5 axb5 30. Rb7 b4 31. Nd5 b3 32. h4 Kh6 33. Kh2 e4 34. fxe4 Be5+ 35. Kh3 Rb1 36. g3 b2 37. Kg2 Rc1 38. Ne7 g5 39.
Rb6+ Kh7 40. hxg5 b1=Q 41. g6+ Kg7 42. Nf5+ Kf8 43. Rxb1 Rxb1 44. Kh3 Rb6 45. Kh4 Rxg6 46. Kxh5 Ra6 47. g4 Kf7 48. g5 Ra1 49. Nh6+ Ke6 50. Kg6 Rg1 51. Kh5 Bf4 52. Ng4 Bc1 53. e5 Kf5 54.
Nh6+ Kxe5 55. Ng4+ Ke6 56. Kh4 Kf5 57. Nh6+ Kg6 58. Ng4 Bxg5+ 59. Kh3 Ra1 60. Ne5+ Kh5 61. Nf3 Ra3 62. Kg3 Bd8 63. Kf4 Bc7+ 64. Ke4 Ra4+ 65. Ke3 Kg4 66. Nd2 Bf4+ 67. Kd3 Bxd2 0-1

[Event "*** SCC Grand Prix: Titled Tuesday Blitz"]
[Site "Chess.com"]
[Date "2020.10.06"]
[Round "2"]
[White "killer311"]
[Black "kirillgenius"]
[Result "0-1"]
[WhiteElo "2433"]
[BlackElo "2284"]
[TimeControl "180+1"]
[EndTime "10:18:57 PDT"]
[Termination "kirillgenius won by checkmate"]

1. d4 Nf6 2. Nf3 d5 3. c4 e6 4. e3 Be7 5. Nc3 O-O 6. cxd5 exd5 7. Bd3 c6 8. O-O Bg4 9. Be2 Nbd7 10. Ne5 Bxe2 11.
Qxe2 a5 12. f4 Re8 13. Bd2 Nf8 14. Be1 N6d7 15. Qh5 g6 16. Qf3 f6 17. Nd3 f5 18.
Ne5 Nf6 19. Bh4 Ne4 20. Bxe7 Qxe7 21. g4 Nd2 22. Qg2 Nxf1 23. Rxf1 fxg4 24. Qxg4 Kh8 25.
Rf2 Ne6 26. Kh1 Ng7 27. Qh3 Kg8 28. Rg2 Rad8 29. Ne2 c5 30. Ng1 cxd4 31. exd4 Rc8 32. Qf3 Qe6 33. Ne2 Rc2 34. Nc3 Rxg2 35. Kxg2 Rd8 36. a4 Nf5 37. Qf2 Qb6 38. Nb5 Rc8 39. Kh3 Qe6 40. Ng4 h5 41. Ne5 Kg7 42. Nc3 Ne3+ 43.
Kh4 Nf5+ 44. Kh3 Nxd4+ 45. Kg2 Nf5 46. Qa7 Rc7 47. Qb8 Re7 48. Ne2 d4 49. Qd8 Ne3+ 50. Kf2 Nf5 51. Nxd4 Nxd4 52. Qxd4 Qf6 53. Qe4 g5 54. Kg3 Qxf4+ 55. Qxf4 gxf4+ 56. Kxf4 Rc7 57. Nd3 Rc2 58. h4 Rd2 59. Nc5 Rxb2 60. Ne6+ Kh6 61. Nc5 b5 62. axb5 Rxb5 63. Nd3 Rb4+ 64. Nxb4 axb4 65.
Ke4 Kg6 66. Kd4 Kf5 67. Kc4 Kg4 68. Kxb4 Kxh4 69. Kc3 Kg3 70. Kd2 Kf2 71. Kd3 h4 72.
Ke4 h3 73. Kf4 h2 74. Kg4 h1=Q 75. Kf5 Qf3+ 76. Ke5 Ke3 77. Kd6 Qf4+ 78. Kd5 Qf5+ 79. Kc6 Kd4 80. Kb7 Qg6 81. Ka8 Qh7 82. Kb8 Kc5 83. Ka8 Kb6 84. Kb8 Qh8# 0-1

[Event "*** SCC Grand Prix: Titled Tuesday Blitz"]
[Site "Chess.com"]
[Date "2020.10.06"]
[Round "2"]
[White "secretsuperstar7"]
[Black "awesomevishesh"]
[Result "1-0"]
[WhiteElo "2265"]
[BlackElo "2428"]
[TimeControl "180+1"]
[EndTime "10:18:57 PDT"]
[Termination "secretsuperstar7 won on time"]

1. d4 Nf6 2. c4 g6 3. Nc3 Bg7 4. e4 d6 5. Nf3 O-O 6. Be2 Nbd7 7. O-O e5 8. h3 exd4 9. Nxd4 Re8 10. Bf3 Ne5 11. Be2 Nc6 12. Nxc6 bxc6 13. Qc2 Qe7 14. Bf3 Nd7 15. Be3 Ne5 16. Be2 Be6 17. b3 c5 18.
Rad1 Nc6 19. Bd3 Nd4 20. Qd2 c6 21. Ne2 a5 22. Bb1 Nxe2+ 23. Qxe2 a4 24. Qd2 Red8 25.
f4 axb3 26. axb3 Rab8 27. f5 Bc8 28. Bg5 Bf6 29. Bxf6 Qxf6 30. fxg6 Qxg6 31. e5 Qg7 32.
exd6 Be6 33. Qf4 Rd7 34. Qf3 Rbd8 35. Qf4 Kh8 36. Kh2 Qc3 37. Bf5 Rg8 38. Bxe6 fxe6 39.
Qf6+ Qxf6 40. Rxf6 Rg6 41. Rf8+ Kg7 42. Re8 e5 43. Rxe5 Rgxd6 44. Rxd6 Rxd6 45. Rxc5 Rd3 46. b4 Rb3 47. Rxc6 Rxb4 48. Rc7+ Kg6 49. c5 Rc4 50. c6 Rc3 51. Rc8 Kg7 52. c7 h5 53. Kg1 Rc2 54. Kh2 h4 55. Kg1 Kh7 56. Kf1 Kg7 57. Ke1 Kh7 58. Kd1 Rc6 59. Ke2 1-0

[Event "*** SCC Grand Prix: Titled Tuesday Blitz"]
[Site "Chess.com"]
[Date "2020.10.06"]
[Round "2"]
[White "bocah_sakit"]
[Black "PotapovaM"]
[Result "1-0"]
[WhiteElo "2829"]
[BlackElo "2556"]
[TimeControl "180+1"]
[EndTime "10:18:59 PDT"]
[Termination "bocah_sakit won by checkmate"]

1. e4 c5 2. Nf3 d6 3. d4 cxd4 4. Nxd4 Nf6 5. Nc3 a6 6. Bg5 e6 7. f4 h6 8. Bh4 Qb6 9. a3 Be7 10.
Bf2 Qc7 11. Qe2 b5 12. O-O-O Bb7 13. Nb3 Nbd7 14. g4 g5 15. f5 e5 16. h4 Rg8 17. hxg5 hxg5 18. Kb1 O-O-O 19. Bg2 Kb8 20.
Rhe1 Rc8 21. Bg1 Rh8 22. Na2 Rh4 23. Bf3 Nc5 24. Nc3 Rh3 25. Rc1 Ba8 26. Ka2 Bb7 27. Red1 Ba8 28. Nd5 Bxd5 29. exd5 Na4 30. Qg2 Rh4 31.
Bf2 Rh7 32. Bg1 Rh4 33. Bf2 Rh7 34. Be2 Nb6 35. Bg1 Nc4 36. Qf2 Rh4 37. Bxc4 bxc4 38. Na5 Nxg4 39. Qb6+ Qxb6 40. Bxb6 Rch8 41. Nc6+ Kb7 42.
Bg1 Bd8 43. b3 c3 44. Rd3 Rh3 45. Rcd1 Bb6 46. Bxb6 Kxb6 47. a4 e4 48. Rd4 Rf3 49. Rxe4 Rh2 50. Kb1 Rff2 51. Rc1 Rf3 52. Rxg4 Rxf5 53. a5+ Kc7 54. Re4 f6 55. Re7+ Kc8 56. Nb4 Rff2 57. Nxa6 g4 58. Nb4 g3 59. a6 Kd8 60.
Nc6+ Kc8 61. a7 Rxc2 62. a8=Q# 1-0

[Event "*** SCC Grand Prix: Titled Tuesday Blitz"]
[Site "Chess.com"]
[Date "2020.10.06"]
[Round "2"]
[White "SHIVACalypso"]
[Black "bascheyaro"]
[Result "0-1"]
[WhiteElo "2352"]
[BlackElo "2732"]
[TimeControl "180+1"]
[EndTime "10:18:59 PDT"]
[Termination "bascheyaro won by resignation"]

1. Nf3 d5 2. c4 c6 3. d4 Bf5 4. Nc3 e6 5. e3 Nf6 6. Bd3 Bg6 7. O-O Nbd7 8. b3 Bd6 9. Bb2 Bh5 10. h3 O-O 11. e4 dxe4 12. Nxe4 Nxe4 13. Bxe4 Nf6 14. Bc2 Qc7 15. Re1 Rad8 16. Qe2 Rfe8 17. Qe3 Bf4 18.
Qe2 a6 19. Rad1 Qb8 20. g4 Bg6 21. Bxg6 hxg6 22. Ne5 Nh7 23. Qf3 Bxe5 24. dxe5 Rxd1 25. Rxd1 Rd8 26. Kg2 Nf8 27. Rxd8 Qxd8 28. Ba3 Nd7 29. Bd6 Qa5 30. Qe2 Qc3 31. h4 Qd4 32. Kg3 Kh7 33.
h5 g5 34. Qc2+ Kh6 35. Qe2 Qf4+ 36. Kh3 f5 37. f3 g6 38. hxg6 Kxg6 39. Kg2 Kf7 40. Kh3 Kg6 41. Kg2 b5 42. cxb5 cxb5 43. Qc2 Nxe5 44. Bxe5 Qxe5 45. gxf5+ exf5 46. Qc6+ Qf6 47. Qe8+ Kh6 48. Qc8 Kh5 49. Qe8+ Kh6 50. Qc8 b4 51. Qc4 Qb2+ 52. Kh3 Qf6 53. Qxb4 Qe6 54. Qc4 Qxc4 55. bxc4 Kg6 56. Kg3 Kf6 57. Kf2 Ke5 58. Ke3 Kd6 59. Kd4 a5 60. a4 Kc6 61. Ke5 g4 62.
fxg4 fxg4 63. Kf4 Kc5 64. Kxg4 Kxc4 65. Kf4 Kb4 66. Ke4 Kxa4 67. Kd3 Kb3 68. Kd2 Kb2 69. Kd3 a4 70. Kd2 a3 71. Kd1 a2 72. Kd2 a1=Q 0-1

[Event "*** SCC Grand Prix: Titled Tuesday Blitz"]
[Site "Chess.com"]
[Date "2020.10.06"]
[Round "2"]
[White "DishonorOnYourCow"]
[Black "Chamal_Gedgafov"]
[Result "1-0"]
[WhiteElo "2403"]
[BlackElo "2143"]
[TimeControl "180+1"]
[EndTime "10:19:00 PDT"]
[Termination "DishonorOnYourCow won by checkmate"]

1. d4 e6 2. c4 Nf6 3. Nf3 b6 4. g3 Ba6 5. b3 Bb4+ 6. Bd2 Be7 7. Bg2 c6 8. O-O d5 9. Qc2 O-O 10. a4 Nbd7 11. a5 Ne4 12. axb6 axb6 13. Bf4 Bb4 14. Nbd2 Ndf6 15. Nxe4 Nxe4 16. Nd2 Nxd2 17. Bxd2 Bxd2 18.
Qxd2 dxc4 19. Bxc6 Rc8 20. Rxa6 Rxc6 21. bxc4 Rxc4 22.
e3 Qc7 23. Rb1 Rb8 24. Ra2 h5 25. h4 Qc6 26. Rab2 b5 27. Qe2 g6 28. Rb4 Rc2 29. Qf1 Kg7 30. Qg2 Rc1+ 31. Rxc1 Qxc1+ 32. Qf1 Qc6 33. Qd3 Qd5 34. e4 Qc6 35. d5 exd5 36. exd5 Qc5 37.
Rb1 b4 38. d6 Rd8 39. d7 Qc6 40. Rd1 b3 41. Qxb3 Rxd7 42. Qb2+ Kh7 43. Rc1 Qd5 44. Qf6 Qd4 45. Qf3 Qd2 46. Rb1 Qd4 47. Rb8 Kg7 48. Re8 Qd5 49. Qc3+ Qd4 50. Qc8 Qd1+ 51. Kh2 Qd5 52.
Rg8+ Kf6 53. Qa6+ Kf5 54. Qe2 Qe6 55. Qf3+ Ke5 56. Ra8 Kd6 57. Ra6+ Ke7 58. Rxe6+ Kxe6 59. Qf4 Ke7 60. Qe5+ Kf8 61. Kh3 Re7 62. Qh8# 1-0

[Event "*** SCC Grand Prix: Titled Tuesday Blitz"]
[Site "Chess.com"]
[Date "2020.10.06"]
[Round "2"]
[White "doons21"]
[Black "Jospem"]
[Result "0-1"]
[WhiteElo "2602"]
[BlackElo "2986"]
[TimeControl "180+1"]
[EndTime "10:19:01 PDT"]
[Termination "Jospem won on time"]

1. e4 e5 2. Nf3 Nc6 3. Nc3 Nf6 4. g3 Bc5 5. Bg2 a6 6. Nxe5 Nxe5 7. d4 Bd6 8. dxe5 Bxe5 9. f4 Bxc3+ 10. bxc3 d6 11. O-O O-O 12. Qd4 Be6 13. a4 Qc8 14. f5 Bd7 15. Bg5 Qd8 16. Rad1 Re8 17. Rfe1 h6 18. Bf4 Bc6 19. a5 Nd7 20. e5 dxe5 21.
Bxe5 Nxe5 22. Rxe5 Bxg2 23. Kxg2 Rxe5 24. Qxd8+ Rxd8 25. Rxd8+ Kh7 26. Rd7 Rxf5 27. Rxc7 Rxa5 28. Rxb7 Ra2 29.
Kh3 Rxc2 30. Ra7 Rxc3 31. Rxa6 Rc2 32. Ra5 g5 33. g4 Kg6 34. Kg3 Rc4 35. h3 Rc3+ 36.
Kg2 Rc6 37. Kg3 Re6 38. Kg2 Re3 39. Kh2 Rf3 40. Kg2 Rf4 41. Rb5 h5 42. Rb6+ f6 43. Kg3 h4+ 44. Kg2 Rc4 45. Ra6 Rc2+ 46. Kg1 Rc1+ 47.
Kg2 Rc3 48. Kh2 Kf7 49. Rb6 Rc2+ 50. Kg1 Ke7 51. Ra6 Rc3 52. Kg2 Rc2+ 53. Kg1 Rd2 54.
Rb6 Rd1+ 55. Kg2 Rd3 56. Kg1 Rd6 57. Rb7+ Ke6 58. Rb5 Rd3 59. Kg2 Rd2+ 60. Kg1 Rd5 61. Rb8 Ke5 62. Rf8 Rd2 63. Kf1 Rh2 64. Re8+ Kf4 65.
Re6 Rxh3 66. Rxf6+ Kxg4 67. Kg2 Rb3 68. Kh2 Rb2+ 69.
Kg1 Kg3 0-1

[Event "*** SCC Grand Prix: Titled Tuesday Blitz"]
[Site "Chess.com"]
[Date "2020.10.06"]
[Round "2"]
[White "Abdimalik_Abdisalimov"]
[Black "As0nchess"]
[Result "1-0"]
[WhiteElo "2752"]
[BlackElo "2504"]
[TimeControl "180+1"]
[EndTime "10:19:02 PDT"]
[Termination "Abdimalik_Abdisalimov won on time"]

1. d4 Nf6 2. c4 e6 3. Nc3 Bb4 4.
e3 O-O 5. Bd3 d5 6. Nf3 dxc4 7.
Bxc4 c5 8. O-O Nc6 9. a3 Ba5 10.
Ba2 cxd4 11. exd4 Bc7 12. Bg5 h6 13. Bh4 Ne7 14. Bxf6 gxf6 15. Qd2 Kg7 16. Rad1 Ng6 17. d5 Bf4 18. Qe2 Qb6 19. Rfe1 Re8 20. g3 Be5 21. Nxe5 fxe5 22. Bb1 exd5 23. Nxd5 Qc5 24. b4 Qc6 25. Be4 f5 26. Rc1 Qd6 27. Nc7 Rf8 28. Nxa8 fxe4 29. Qxe4 Qf6 30. Re2 Bf5 31. Qxb7+ Kh8 32. Nc7 Bg4 33. Rd2 Bf3 34. Qb5 Nf4 35. Qf1 Qf5 36. h4 Rg8 37. Kh2 Bg2 38. Qxg2 Nxg2 39.
Kxg2 Qe4+ 40. Kh2 Rf8 41. Nd5 Qf3 42. Ne3 Qe4 43. Re1 Qc6 44. Ree2 Qg6 45. Nc4 e4 46. Ne5 Qf5 47. Nd7 Rd8 48. Nc5 Rxd2 49. Rxd2 e3 50. fxe3 Qe5 51. Rd8+ Kg7 52. Rd7+ Kg6 53. Rd3 Qb2+ 54.
Kh3 Qe2 55. Rd6+ Kf7 56. Rxh6 1-0

[Event "*** SCC Grand Prix: Titled Tuesday Blitz"]
[Site "Chess.com"]
[Date "2020.10.06"]
[Round "2"]
[White "chessdjw"]
[Black "GigaQuparadze"]
[Result "1/2-1/2"]
[WhiteElo "2620"]
[BlackElo "3010"]
[TimeControl "180+1"]
[EndTime "10:19:03 PDT"]
[Termination "Game drawn by repetition"]

1. c4 Nf6 2. Nc3 e6 3. Nf3 Bb4 4. Qb3 c5 5. Nb5 O-O 6. Nd6 Nc6 7. g3 Qc7 8. Nxc8 Raxc8 9. Bg2 d5 10. cxd5 exd5 11.
O-O Rfe8 12. e3 c4 13. Qd1 b5 14. d3 a6 15. a3 Bc5 16. Bd2 Rcd8 17. Qc2 Qb6 18.
Bc3 cxd3 19. Qxd3 d4 20. exd4 Nxd4 21. Nxd4 Bxd4 22. Bxd4 Rxd4 23. Qc3 h5 24. Rad1 Rxd1 25. Rxd1 Re2 26. Qc8+ Kh7 27. Qf5+ g6 28. Qf4 Qe6 29. h3 Re1+ 30. Rxe1 Qxe1+ 31. Kh2 Kg7 32. Qd4 a5 33. Bc6 b4 34. axb4 axb4 35. Kg2 Qe6 36. Bf3 Qe7 37.
Bc6 Kg8 38. Bf3 Nh7 39. Be4 Ng5 40. Bd5 Qd7 41. Bxf7+ Qxf7 42. Qd8+ Kh7 43. Qxg5 Qb7+ 44. Kg1 b3 45. Qe3 Qf7 46. Kg2 Qb7+ 47. Qf3 Qb5 48.
g4 hxg4 49. hxg4 Qc4 50. Kg3 Qc7+ 51. Qf4 Qg7 52. Qd2 Qe5+ 53. f4 Qc7 54. Qd3 Qc2 55. Qd7+ Kg8 56. Qe8+ Kg7 57. Qe5+ Kh7 58. g5 Qd3+ 59.
Kf2 Qd2+ 60. Kf3 Qd3+ 61. Kg4 Qd1+ 62. Kg3 Qg1+ 63. Kf3 Qf1+ 64. Ke4 Qc4+ 65. Ke3 Qc2 66. Qe7+ Kg8 67. Qe8+ Kg7 68. Qe7+ Kg8 69. Qe6+ Kg7 70. Qf6+ Kg8 71. Kf3 Qd3+ 72. Kf2 Qd2+ 73. Kf3 Qd3+ 74.
Kf2 Qd2+ 75. Kf3 Qd3+ 1/2-1/2

[Event "*** SCC Grand Prix: Titled Tuesday Blitz"]
[Site "Chess.com"]
[Date "2020.10.06"]
[Round "2"]
[White "burbur555"]
[Black "rpragchess"]
[Result "0-1"]
[WhiteElo "2581"]
[BlackElo "2926"]
[TimeControl "180+1"]
[EndTime "10:19:03 PDT"]
[Termination "rpragchess won by checkmate"]

1. d4 Nf6 2. Nf3 d5 3. g3 Bf5 4.
Bg2 e6 5. Nh4 Bg4 6. h3 Bh5 7. g4 Nfd7 8. Nf3 Bg6 9. c4 Nc6 10.
cxd5 exd5 11. Nc3 Bb4 12. Bg5 Qc8 13. a3 Bxc3+ 14. bxc3 Be4 15. Bf4 O-O 16. O-O Nb6 17.
Nd2 Bxg2 18. Kxg2 Na5 19. e3 Re8 20. Qc2 c5 21. Rfc1 Nbc4 22. Nf3 b6 23. Ng5 g6 24. Nf3 Qe6 25. a4 Rac8 26. Rab1 Qe4 27. Qxe4 dxe4 28. Ne5 Nd2 29. Rb2 cxd4 30. exd4 Ndc4 31. Re2 f6 32. Nxc4 Rxc4 33. d5 Nb7 34. Rd1 Nc5 35. d6 Nd7 36. a5 bxa5 37. Rd5 a4 38. Ra5 Kf7 39. Rxa7 Ke6 40.
f3 f5 41. gxf5+ gxf5 42. fxe4 fxe4 43. Kf2 Rf8 44. Kg3 Rxc3+ 45. Re3 Rxe3+ 46. Bxe3 Rf3+ 47. Kg4 Rxe3 48. Rxa4 Nf6+ 49. Kf4 Rf3+ 50. Kg5 Kxd6 51. Rd4+ Ke5 52. Ra4 Rxh3 53. Ra5+ Nd5 54. Kg4 Rf3 55. Ra4 Rf6 56. Kg3 e3 57. Ra2 Rf4 58. Re2 Ke4 59. Rh2 Rf7 60. Rh4+ Nf4 61. Rg4 e2 62. Kf2 Kd3 63.
Rg3+ Kd2 64. Rf3 e1=Q# 0-1

[Event "*** SCC Grand Prix: Titled Tuesday Blitz"]
[Site "Chess.com"]
[Date "2020.10.06"]
[Round "2"]
[White "Iskusnyh"]
[Black "DenLaz"]
[Result "0-1"]
[WhiteElo "2554"]
[BlackElo "2821"]
[TimeControl "180+1"]
[EndTime "10:19:03 PDT"]
[Termination "DenLaz won on time"]

1. d4 d5 2. c4 c6 3. Nf3 Nf6 4. e3 g6 5. Nc3 Bg7 6. Be2 O-O 7. O-O b6 8. b4 Bb7 9. Qb3 Nbd7 10. a4 Rb8 11. cxd5 Nxd5 12. Nxd5 cxd5 13. b5 Nf6 14. Ba3 Ne4 15. Rfc1 Qd7 16. Rc2 Rfc8 17. Rac1 f6 18. h3 e6 19. Bb4 Bf8 20. Bd3 Bxb4 21.
Qxb4 Nd6 22. Nd2 Rxc2 23. Rxc2 Rc8 24. Rxc8+ Bxc8 25. Qc3 Bb7 26. Qc2 Kg7 27. Qc3 Qc8 28.
Qxc8 Bxc8 29. f4 Kf7 30. Kf2 h6 31. g4 g5 32. Kg3 Bd7 33. h4 Kg7 34. hxg5 hxg5 35.
fxg5 fxg5 36. Nf3 Nf7 37. e4 dxe4 38. Bxe4 Kf6 39. Kf2 e5 40. Bd5 Bxg4 41. dxe5+ Nxe5 42. Nd4 Ke7 43. Kg3 Kd6 44. Be4 Bd7 45. Bg2 Kc5 46. Nc2 Bf5 47. Ne3 Be6 48. Nc2 Bb3 49. Ne3 Bxa4 50. Nf5 Bxb5 51. Kf2 Bc6 52. Bf1 a5 53. Ke3 a4 54. Kd2 b5 55. Ng7 Bd5 56. Ne8 b4 57. Nc7 Bc4 58. Bxc4 Kxc4 59. Ne6 a3 60. Kc2 b3+ 61.
Kb1 Nd3 62. Nc7 a2+ 63. Ka1 Nb4 0-1

[Event "*** SCC Grand Prix: Titled Tuesday Blitz"]
[Site "Chess.com"]
[Date "2020.10.06"]
[Round "2"]
[White "DeGrootteZ"]
[Black "ClydeHillKid"]
[Result "1/2-1/2"]
[WhiteElo "2645"]
[BlackElo "2348"]
[TimeControl "180+1"]
[EndTime "10:19:03 PDT"]
[Termination "Game drawn by stalemate"]

1. d4 d5 2. c4 e6 3. Nf3 Nf6 4. g3 Nbd7 5. Bg2 Be7 6. O-O O-O 7. Qc2 c5 8. cxd5 Nxd5 9. e4 Nb4 10. Qe2 cxd4 11. a3 d3 12. Qd1 Nc2 13. Ra2 Nc5 14. Ne5 Bf6 15. Ng4 Be7 16. b4 Na4 17. Ne5 Nd4 18.
Qxa4 Ne2+ 19. Kh1 Bf6 20. Ng4 e5 21. Nxf6+ gxf6 22. Bh6 Re8 23. Rd2 Be6 24. Qb5 Rc8 25. Rxd3 Bc4 26. Rxd8 Bxb5 27. Rxe8+ Rxe8 28. Rd1 Rc8 29. Bh3 Re8 30. Bd7 Rd8 31. Rd5 Bxd7 32. Kg2 Nd4 33.
Nd2 Ne6 34. Nb3 Bc6 35. Rxd8+ Nxd8 36. f3 Ne6 37. Kf2 b6 38. Ke3 Ba4 39. Nd2 Nc7 40.
Nc4 Nb5 41. f4 Bb3 42. Nd2 Be6 43. f5 Bd7 44. Nb1 Nc7 45. Nc3 a5 46. bxa5 bxa5 47.
g4 Nb5 48. Nd5 Bc6 49. Nxf6+ Kh8 50. Bf8 Nc7 51. Bd6 Nb5 52. Bxe5 Nxa3 53. Ne8+ Kg8 54.
Nf6+ Kf8 55. Nxh7+ Ke8 56. f6 Nc4+ 57. Kf4 Nxe5 58. Kxe5 a4 59. g5 a3 60. g6 a2 61.
gxf7+ Kxf7 62. Ng5+ Ke8 63. f7+ Ke7 64. Nh7 a1=Q+ 65.
Kf4 Qf1+ 66. Kg5 Qxf7 67. h4 Bxe4 68. Nf6 Qg6+ 69. Kf4 Qxf6+ 70. Kxe4 Qf5+ 71. Kxf5 Kf7 72. Kg5 Kg7 73. Kh5 Kh8 74. Kg5 Kg8 75. Kg6 Kh8 76. h5 Kg8 77. h6 Kh8 78. h7 1/2-1/2

[Event "*** SCC Grand Prix: Titled Tuesday Blitz"]
[Site "Chess.com"]
[Date "2020.10.06"]
[Round "2"]
[White "zurzan"]
[Black "UmarovSabir"]
[Result "1/2-1/2"]
[WhiteElo "1926"]
[BlackElo "2363"]
[TimeControl "180+1"]
[EndTime "10:19:04 PDT"]
[Termination "Game drawn by repetition"]

1. f4 g6 2. Nf3 Bg7 3. g3 d5 4. Bg2 Nf6 5. O-O O-O 6. d3 c6 7. c3 Re8 8. Qa4 Nbd7 9. Na3 Qb6+ 10. d4 Ne4 11. Nd2 f5 12. Nxe4 fxe4 13. e3 Nf6 14. Qb3 Bg4 15. h3 Be2 16. Rf2 Bd3 17. Bd2 Qc7 18.
Bf1 Qd7 19. Kg2 b5 20. Qd1 Bxf1+ 21. Qxf1 a5 22. Nc2 e6 23. a3 Rf8 24. g4 Ne8 25. Kh1 Nd6 26. b3 a4 27. Nb4 axb3 28. Qb1 Nc4 29. Qxb3 Ra4 30. Bc1 Rfa8 31. Qd1 Bf8 32.
Qg1 Bxb4 33. cxb4 Rxb4 34. f5 Rb3 35. f6 b4 36. f7+ Kg7 37. a4 Nxe3 38. Bxe3 Rxe3 39.
Qg2 Rf8 40. a5 Rxf7 41. a6 Rxf2 42. Qxf2 Ra3 43. Rf1 Qe7 44. Qe2 b3 45. Rb1 Ra2 46. Qf1 Qa3 47. g5 Qxa6 48. Qf6+ Kg8 49. Qd8+ Kg7 50. Qe7+ Kg8 51. Qxe6+ Kg7 52. Qe7+ Kg8 53. Qe8+ Kg7 54. Qd7+ Kg8 55. Qe6+ Kg7 56. Qe5+ Kg8 57. Qb8+ Kg7 58. Qc7+ Kg8 59. Qd8+ Kg7 60. Qd7+ Kg8 61. Qe8+ Kg7 62. Qe7+ Kg8 63. Qe6+ 1/2-1/2

[Event "*** SCC Grand Prix: Titled Tuesday Blitz"]
[Site "Chess.com"]
[Date "2020.10.06"]
[Round "2"]
[White "zmeeed67"]
[Black "RamyresCoelho"]
[Result "1-0"]
[WhiteElo "2381"]
[BlackElo "2022"]
[TimeControl "180+1"]
[EndTime "10:19:06 PDT"]
[Termination "zmeeed67 won by resignation"]

1. e4 c5 2. g3 Nc6 3. Bg2 d6 4. Ne2 Nf6 5. O-O Bd7 6. Nbc3 Qc8 7. Re1 Bh3 8. Bh1 g6 9. d3 Bg7 10. a3 O-O 11. Rb1 Nd4 12. Nxd4 cxd4 13. Ne2 e5 14. c3 dxc3 15. Nxc3 Bg4 16. Bf3 Be6 17.
Be3 Rd8 18. Rc1 Qd7 19. d4 exd4 20. Bxd4 a6 21. Qd2 Ne8 22. Bxg7 Nxg7 23. Rcd1 Rac8 24. Bg2 Ne8 25. Nd5 Bxd5 26. Qxd5 Nf6 27. Qd4 Qe7 28. h3 Qe5 29. Qb6 Qb5 30. Qxb5 axb5 31. Rc1 Kf8 32. Kf1 Ke7 33. f4 Rc4 34. e5 dxe5 35. Rxe5+ Kf8 36. Rxc4 bxc4 37. Ke1 Rd3 38. g4 Rd4 39. f5 Nd7 40. Rb5 b6 41. fxg6 fxg6 42. Bc6 Ke7 43. Bxd7 Kxd7 44.
Rxb6 Kc7 45. Rf6 Rd3 46. Rf7+ Kc6 47. Rxh7 Rb3 48. Rg7 Rxb2 49. Rxg6+ Kc5 50. Kd1 Rb3 51. h4 Rxa3 52. h5 Rd3+ 53. Kc2 Rh3 54. h6 Kd4 55. g5 Rh2+ 56. Kc1 Kc3 57. Kd1 Kd3 58. Rd6+ Ke3 59.
Rd7 c3 60. h7 c2+ 61. Kc1 Kf4 62. g6 Ke5 63. Rd8 Kf6 64. h8=Q+ Rxh8 65. Rxh8 Kg7 66.
Rh2 Kxg6 67. Kxc2 1-0

[Event "*** SCC Grand Prix: Titled Tuesday Blitz"]
[Site "Chess.com"]
[Date "2020.10.06"]
[Round "2"]
[White "ailime26"]
[Black "Cocaino74"]
[Result "0-1"]
[WhiteElo "1842"]
[BlackElo "2369"]
[TimeControl "180+1"]
[EndTime "10:19:07 PDT"]
[Termination "Cocaino74 won by checkmate"]

1. e4 c5 2. Nf3 Nc6 3. d4 cxd4 4. Nxd4 g6 5. c4 Nf6 6. Nc3 d6 7. Be3 Ng4 8. Bc1 Qb6 9. Nd5 Qa5+ 10. Bd2 Qd8 11.
Bc3 Nxd4 12. Bxd4 e5 13. Bc3 Bg7 14. Be2 Nf6 15. Ne3 Nxe4 16. Bb4 a5 17. Ba3 Be6 18. O-O f5 19. f3 Nf6 20. Qxd6 Qxd6 21. Bxd6 Nh5 22. c5 Kf7 23. Bc4 Bh6 24. Bxe6+ Kxe6 25. Nc4 b5 26. Nxe5 Rhd8 27. Rfe1 Kf6 28. Nc6 Rd7 29.
Ne5 Rdd8 30. Be7+ Kxe7 31. Nc6+ Kf7 32. Nxd8+ Rxd8 33. Rad1 Rc8 34. Rd7+ Kg8 35. Rd5 Nf6 36. Rde5 Nd7 37. Re8+ Rxe8 38. Rxe8+ Kf7 39. Rc8 Nxc5 40. Rc7+ Ke6 41. Rxh7 Be3+ 42. Kf1 Na4 43. b3 Nc3 44. Rh8 Nxa2 45. Re8+ Kf7 46. Rxe3 Nb4 47. Ke2 Nd5 48. Rd3 Nf4+ 49. Ke3 Nxd3 50. Kxd3 Ke6 51. Kd4 Kd6 52.
g4 fxg4 53. fxg4 g5 54. Ke4 a4 55. bxa4 bxa4 56. Kf5 a3 57. Kxg5 a2 58. h4 a1=Q 59.
Kh6 Qf6+ 60. Kh5 Qh8+ 61. Kg5 Ke5 62. h5 Qf6# 0-1

[Event "*** SCC Grand Prix: Titled Tuesday Blitz"]
[Site "Chess.com"]
[Date "2020.10.06"]
[Round "2"]
[White "Mr_Sinigami"]
[Black "WIDBIFS"]
[Result "0-1"]
[WhiteElo "2498"]
[BlackElo "2738"]
[TimeControl "180+1"]
[EndTime "10:19:09 PDT"]
[Termination "WIDBIFS won on time"]

1. d4 Nf6 2. Nf3 g6 3. Bf4 Bg7 4. e3 O-O 5. h3 d6 6. Be2 c5 7. c3 Nc6 8. O-O cxd4 9. exd4 Nh5 10. Be3 e5 11. Na3 e4 12. Nd2 Nf6 13. Bf4 a6 14.
Nc2 Re8 15. Ne3 Ne7 16. Ndc4 Ned5 17. Bh2 Bf8 18. a4 Be6 19. a5 Rc8 20. Qa4 Bd7 21.
Qa3 Bb5 22. Rfe1 Nxe3 23. Nxe3 d5 24. Qb3 Bxe2 25. Rxe2 Qd7 26. Be5 Rc6 27. Bxf6 Rxf6 28. Nxd5 Rd6 29. Nb6 Qf5 30. Rae1 Qxa5 31. Nc4 Qd5 32.
f3 Rde6 33. Nd2 Qxb3 34. Nxb3 exf3 35. Rxe6 Rxe6 36. Rxe6 fxe6 37. gxf3 Kf7 38. Na5 b6 39. Nc6 Bd6 40. Kf2 Ke8 41. Ke3 Kd7 42. Ne5+ Bxe5 43.
dxe5 Kc6 44. Kd4 Kb5 45. b3 a5 46. h4 h6 47. f4 h5 48. Kd3 Kc5 49. Ke4 b5 50. Kd3 a4 51. b4+ Kd5 52. Kc2 Kc4 53.
Kb2 a3+ 54. Ka2 Kxc3 55. Kxa3 Kc4 56. Ka2 Kxb4 57. Kb2 Kc4 58. Kc2 Kd4 59. Kb3 Ke4 60.
Kb4 Kxf4 61. Kxb5 Kxe5 62. Kc6 Kf5 63. Kd6 e5 64. Kd5 e4 65. Kd4 Kf4 66. Kd5 e3 67. Ke6 e2 68. Kf6 e1=Q 69. Kxg6 Qxh4 70. Kh6 Qg5+ 71.
Kh7 Kf5 72. Kh8 Kf6 0-1

[Event "*** SCC Grand Prix: Titled Tuesday Blitz"]
[Site "Chess.com"]
[Date "2020.10.06"]
[Round "2"]
[White "shnitez"]
[Black "ljuks68"]
[Result "0-1"]
[WhiteElo "2547"]
[BlackElo "2340"]
[TimeControl "180+1"]
[EndTime "10:19:11 PDT"]
[Termination "ljuks68 won on time"]

1. c4 c6 2. Nf3 d5 3. e3 Nf6 4. Nc3 e6 5. b3 Nbd7 6. Qc2 Bd6 7. Bb2 a6 8. Be2 e5 9. d3 Qe7 10. e4 dxe4 11. dxe4 Nc5 12. b4 Ne6 13. c5 Bc7 14.
O-O Nf4 15. Bc4 Bg4 16. Nd2 N6h5 17. f3 Bd7 18. Nd1 Qg5 19. Nb3 Bh3 20. Rf2 O-O 21.
Ne3 Nxg2 22. Nxg2 Nf4 23. Kh1 Nxg2 24. Rxg2 Bxg2+ 25. Qxg2 Qh5 26. Rg1 g6 27. Nd2 Rad8 28. Nf1 Rd1 29. Ne3 Rxg1+ 30. Kxg1 Kg7 31. Qg4 Qxg4+ 32.
Nxg4 Re8 33. f4 f6 34. fxe5 fxe5 35. Bc1 h5 36. Bh6+ Kh8 37. Nf2 Kh7 38. Bg5 Bd8 39. Nh3 Bxg5 40. Nxg5+ Kh6 41. h4 Kg7 42. Kf2 Kf6 43. Ke3 Rd8 44. Bb3 Rd4 45. a3 a5 46. Nf3 Rd8 47. Nd2 Ra8 48. Nc4 axb4 49. axb4 Ra1 50. Na5 Rb1 51. Kd2 Rb2+ 52. Kc3 Re2 53. Nxb7 Rxe4 54. Nd8 Rxh4 55. Nxc6 Rh3+ 56. Kc2 e4 57. b5 Rh2+ 58. Kc3 e3 59. Nd4 e2 60.
Kd2 Ke5 61. Nxe2 Rf2 62. b6 Rf8 63. b7 h4 64. c6 Kd6 65. Nf4 Kxc6 66. Nxg6 Rd8+ 67.
Kc3 h3 68. Bc2 h2 69. Be4+ Kb6 0-1